 Dungeon Crawl Stone Soup version 0.18.1-8-gdd0e5ea (webtiles) character file.

15058 protoss039 the Tortoise (level 11, -32/156 HPs)
             Began as a Minotaur Berserker on June 12, 2016.
             Was a High Priest of Trog.
             Killed from afar by Frances (38 damage)
             ... with a shard of ice
             ... on level 12 of the Dungeon.
             The game lasted 00:34:49 (12204 turns).

protoss039 the Tortoise (Minotaur Berserker)       Turns: 12204, Time: 00:34:50

Health: -32/156    AC: 21    Str: 30    XL:     11   Next: 96%
Magic:  10/10      EV:  9    Int:  2    God:    Trog [*****.]
Gold:   566        SH:  0    Dex: 13    Spells: 0 memorised, 10 levels left

rFire  + . .     SeeInvis .     w - +2 broad axe (elec)
rCold  . . .     Gourm    .     y - +1 plate armour
rNeg   . . .     Faith    .     (no shield)
rPois  .         Spirit   .     (helmet restricted)
rElec  .         Dismiss  .     n - +0 cloak
rCorr  .         Reflect  .     a - +0 pair of gloves
SustAt .         Harm     .     (no boots)
MR     +....     Rnd*Tele +     (no amulet)
Stlth  ..........               u - ring "Giwugici" {*Tele MR+ Int-2 Dex+3 Stlth+}
                                B - ring of protection from fire

@: berserking, very quick, somewhat resistant to hostile enchantments, extremely
unstealthy
A: retaliatory headbutt, horns 2
a: Berserk, Trog's Hand, Brothers in Arms, Burn Spellbooks, Renounce Religion


You were on level 12 of the Dungeon.
You worshipped Trog.
Trog was extremely pleased with you.
You were not hungry.

You visited 2 branches of the dungeon, and saw 13 of its levels.

You collected 566 gold pieces.

Inventory:

Hand Weapons
 o - a cursed +2 battleaxe of freezing
 w - a +2 broad axe of electrocution (weapon)
 x - a +3 battleaxe
Armour
 a - a +0 pair of gloves (worn)
 n - a +0 cloak (worn)
 y - a +1 plate armour (worn)
 E - a troll hide
Jewellery
 u - the ring "Giwugici" (right hand) {*Tele MR+ Int-2 Dex+3 Stlth+}
   (You found it on level 7 of the Dungeon)

   [ring of teleportation]

   It may teleport you next to monsters.
   It affects your intelligence (-2).
   It affects your dexterity (+3).
   It affects your resistance to hostile enchantments.
   It makes you more stealthy.
 B - a ring of protection from fire (left hand)
Scrolls
 b - 2 scrolls of enchant weapon
 e - a scroll of identify
 l - 2 scrolls of magic mapping
 v - 7 scrolls of remove curse
 F - a scroll of immolation {unknown}
Potions
 f - a potion of agility
 g - a potion of cancellation
 j - a potion of berserk rage
 A - 2 potions of brilliance
 D - a potion of haste {unknown}
Books
 C - a book of Ice

   Spells                             Type                      Level
   a - Ice Form                       Ice/Transmutation            4
   b - Metabolic Englaciation         Hexes/Ice                    5
   c - Ozocubu's Refrigeration        Ice                          6
   d - Bolt of Cold                   Conjuration/Ice              6
   e - Freezing Cloud                 Conjuration/Ice/Air          6
   f - Simulacrum                     Ice/Necromancy               6
   Trog disapproves of the use of such an item.
Miscellaneous
 i - a phial of floods
Comestibles
 c - 8 bread rations
 h - 6 beef jerkies
 k - 2 slices of pizza
 r - 11 fruits
 s - 2 meat rations
 z - 9 royal jellies


   Skills:
 + Level 11.8 Fighting
 + Level 13.1 Axes
 * Level 15.0 Armour
 - Level 2.1 Dodging


You had 10 spell levels left.
You didn't know any spells.

Dungeon Overview and Level Annotations

Branches:
Dungeon (12/15)            Temple (1/1) D:4            Lair (0/8) D:9
    Orc (0/2) D:11

Altars:
Ashenzari
Cheibriados
Dithmenos
Elyvilon
Fedhas
Gozag
Kikubaaqudgha
Makhleb
Nemelex Xobeh
Okawaru
Pakellas
Qazlal
Ru
Sif Muna
Trog
Vehumet
Xom
Yredelemnul
Zin
The Shining One

Annotations:
D:12 Frances, Urug


Innate Abilities, Weirdness & Mutations

You reflexively headbutt those who attack you in melee.
You have a pair of horns on your head.


Message History

You slash the hellwing!
The hellwing's corpse armour sloughs away.
The hellwing is moderately wounded.
The hellwing closely misses you.
The hellwing hits you but does no damage.
Frances hits you with a battleaxe!
* * * LOW HITPOINT WARNING * * *
The red devil closely misses you.
Unknown command.
Unknown command.
Unknown command.
You slash Frances!
Frances is moderately wounded.
You slash the hellwing!
The hellwing is heavily wounded.
The sixfirhy hits you but does no damage.
The hellwing closely misses you. The hellwing barely misses you.
Frances mutters in a terrible tongue.
The shard of ice hits you!
You die...

.O. ....#..........#
#..... #...#######....#
#..... #...##....#....#
#.....##...#.....#....#
#..........+.....#....#
#.......$..#.....'....#
#..... #...###...#....#
##....4##'#####...#....#
......@@)....#....'....#
##....4##....'....#....#
#...4. #....#.....#####
#.....####'######.#
#.....#...........#
#.....#...........#
+.....#.....).....#
#.#####.....).....#
##+###.#.....####......#


You could see Frances, a hellwing, a sixfirhy and a red devil.

Vanquished Creatures
  Erica (D:11)
  A wolf spider zombie (D:11)
  2 hill giants (D:11)
  An ugly thing (D:6)
  A centaur skeleton (D:10)
  A two-headed ogre (D:12)
  2 trolls
  5 slime creatures (D:12)
  A wraith (D:11)
  6 yaks (D:11)
  2 wyverns
  A vampire mosquito (D:10)
  A basilisk (D:12)
  5 hippogriffs
  Grum (D:8)
  Edmund (D:5)
  A hungry ghost (D:8)
  Menkaure (D:7)
  A soldier ant (D:9)
  A water moccasin (D:8)
  4 orc warriors
  3 ice beasts
  3 wasps
  A black bear (D:11)
  2 sky beasts
  5 phantoms
  4 wolves (D:8)
  A necrophage (D:8)
  7 ogres
  7 centaurs
  A gnoll sergeant (D:10)
  2 big kobolds
  A water moccasin zombie (D:10)
  8 giant frogs
  4 scorpions
  A wyvern skeleton (D:6)
  13 killer bees (D:11)
  15 wights
  3 howler monkeys
  A lava snake (D:10)
  5 crimson imps
  3 giant frog zombies
  A quasit (D:8)
  7 hounds
  A gnoll shaman (D:6)
  2 giant frog skeletons
  8 orc priests
  8 orc wizards
  2 iguanas
  8 worker ants
  A killer bee zombie (D:10)
  2 hound skeletons
  A howler monkey zombie (D:7)
  A worker ant zombie (D:5)
  10 adders
  6 gnolls
  A howler monkey skeleton (D:4)
  2 oozes
  5 worms
  3 dart slugs
  9 giant geckos
  45 orcs
  3 ball pythons
  7 bats
  4 giant cockroaches
  5 goblins
  6 hobgoblins
  2 jackals (D:11)
  4 quokkas
  A giant gecko zombie (D:8)
  2 giant newts
  A jackal skeleton (D:8)
  19 kobolds
  A quokka skeleton (D:7)
  3 quokka zombies
  7 rats
318 creatures vanquished.

Vanquished Creatures (collateral kills)
  Maud (D:10)
  An orc wizard (D:10)
  2 orcs (D:10)
4 creatures vanquished.

Vanquished Creatures (others)
  Eustachio (D:5)
  A worker ant (D:5)
2 creatures vanquished.

Grand Total: 324 creatures vanquished

Notes
Turn   | Place    | Note
--------------------------------------------------------------
     0 | D:1      | protoss039 the Minotaur Berserker began the quest for the Orb.
     0 | D:1      | Reached XP level 1. HP: 19/19 MP: 0/0
   201 | D:1      | Reached XP level 2. HP: 27/27 MP: 1/1
   916 | D:2      | Found a glowing golden altar of the Shining One.
   941 | D:2      | Found an iron altar of Okawaru.
   947 | D:2      | Reached XP level 3. HP: 33/34 MP: 2/2
  1394 | D:2      | Found a shadowy altar of Dithmenos.
  1394 | D:2      | Found a basalt altar of Yredelemnul.
  1454 | D:2      | Reached ** piety under Trog
  1723 | D:2      | Reached skill level 3 in Armour
  1825 | D:3      | Reached skill level 5 in Fighting
  1826 | D:3      | Reached XP level 4. HP: 42/42 MP: 3/3
  2240 | D:3      | You fall through a shaft for 3 floors!
  2335 | D:6      | Reached skill level 5 in Axes
  2335 | D:6      | Reached XP level 5. HP: 37/48 MP: 4/4
  2507 | D:5      | Entered Level 5 of the Dungeon
  2672 | D:4      | Reached *** piety under Trog
  2754 | D:4      | You fall through a shaft for 2 floors!
  2791 | D:6      | Reached XP level 6. HP: 55/57 MP: 5/5
  3102 | D:3      | Reached skill level 4 in Armour
  3270 | D:4      | Found a staircase to the Ecumenical Temple.
  3303 | Temple   | Entered the Ecumenical Temple
  3771 | D:4      | Reached skill level 5 in Armour
  3771 | D:4      | Reached XP level 7. HP: 36/64 MP: 6/6
  4074 | D:5      | Found a shimmering altar of Xom.
  4077 | D:5      | Noticed Eustachio
  4089 | D:5      | Noticed Edmund
  4106 | D:5      | Killed Edmund
  4113 | D:5      | Killed Eustachio
  4113 | D:5      | Reached skill level 6 in Armour
  4314 | D:5      | Reached skill level 7 in Armour
  4328 | D:5      | Reached XP level 8. HP: 47/73 MP: 7/7
  4710 | D:5      | Reached skill level 8 in Armour
  4714 | D:5      | Reached **** piety under Trog
  5345 | D:6      | Reached skill level 9 in Armour
  5545 | D:6      | Reached XP level 9. HP: 40/81 MP: 8/8
  5787 | D:6      | Noticed a purple ugly thing
  5801 | D:6      | Killed a purple ugly thing
  5801 | D:6      | Reached skill level 10 in Armour
  6208 | D:7      | Got a fine granite ring
  6430 | D:7      | Noticed Menkaure
  6436 | D:7      | Killed Menkaure
  6600 | D:7      | Reached skill level 11 in Armour
  6748 | D:7      | Identified the ring "Giwugici" {*Tele MR+ Int-2 Dex+3 Stlth+} (You found it on level 7 of the Dungeon)
  7488 | D:8      | Found a burning altar of Makhleb.
  7563 | D:8      | Reached XP level 10. HP: 77/91 MP: 9/9
  7586 | D:8      | Noticed Grum
  7593 | D:8      | Reached skill level 12 in Armour
  7606 | D:8      | HP: 5/136 [Grum/glaive (11)]
  7617 | D:8      | Killed Grum
  7919 | D:8      | Reached skill level 10 in Axes
  8007 | D:8      | Found a sacrificial altar of Ru.
  8007 | D:8      | Found an opulent altar of Gozag.
  8008 | D:8      | Found a blossoming altar of Fedhas.
  8097 | D:8      | Found a sparkling altar of Nemelex Xobeh.
  8214 | D:8      | Reached ***** piety under Trog
  8538 | D:9      | Found a staircase to the Lair.
  8555 | D:9      | Reached skill level 10 in Fighting
  8574 | D:9      | Found an oddly glowing altar of Pakellas.
  8574 | D:9      | Found a deep blue altar of Sif Muna.
  8574 | D:9      | Found a white marble altar of Elyvilon.
  9089 | D:9      | Reached skill level 13 in Armour
  9517 | D:10     | Entered Level 10 of the Dungeon
  9759 | D:10     | Reached XP level 11. HP: 95/101 MP: 10/10
  9779 | D:10     | Noticed Maud
  9801 | D:10     | Killed Maud
 10505 | D:11     | Noticed Erica
 10515 | D:11     | Killed Erica
 10529 | D:11     | Reached skill level 14 in Armour
 10612 | D:11     | Found a staircase to the Orcish Mines.
 10721 | D:11     | Noticed a hill giant
 10728 | D:11     | Killed a hill giant
 10757 | D:11     | Noticed a hill giant
 10763 | D:11     | Killed a hill giant
 10947 | D:11     | Received a gift from Trog
 11927 | D:12     | Noticed Urug
 11935 | D:12     | HP: 4/104 [Urug/great sword (15)]
 11994 | D:11     | Reached skill level 15 in Armour
 12193 | D:12     | Noticed Frances
 12203 | D:12     | HP: 6/156 [Frances/battleaxe (17)]
 12204 | D:12     | Killed from afar by Frances

Skill      XL: |  1  2  3  4  5  6  7  8  9 10 11 |
---------------+----------------------------------+-----
Fighting       | 4 5 6 7 8 9 10 11 | 11.8
Axes           | 4 5 6 7 8 9 11 13 | 13.1
Armour         | 3 5 7 9 11 13 15 | 15.0
Dodging        | |  2.1

Action                   |  1- 3 |  4- 6 |  7- 9 | 10-12 || total
-------------------------+-------+-------+-------+-------++-------
Melee: Hand axe          |   107 |    33 |       |       ||   140
       Headbutt          |    13 |    23 |    73 |    93 ||   202
       War axe           |       |   126 |   246 |       ||   372
       Battleaxe         |       |       |    36 |   274 ||   310
       Broad axe         |       |       |       |    94 ||    94
Invok: Berserk           |       |     2 |     1 |     4 ||     7
       Burn Spellbooks   |       |       |     2 |       ||     2
       Trog's Hand       |       |       |     1 |     4 ||     5
       Brothers in Arms  |       |       |       |     3 ||     3
  Use: Scroll            |       |     6 |     7 |     5 ||    18
       Potion            |       |       |     9 |     9 ||    18
  Eat: Chunk             |     3 |     8 |    16 |    22 ||    49
Armor: Animal skin       |    32 |     5 |       |       ||    37
       Chain mail        |       |    69 |    19 |       ||    88
       Leather armour    |       |     1 |       |       ||     1
       Plate armour      |       |       |   161 |   287 ||   448
Dodge: Dodged            |    69 |    63 |   101 |   188 ||   421
